 Dungeon Crawl Stone Soup version 0.29.0-5-ge4962eb29e (webtiles) character file.

Game seed: 17019656274055828777

354 tizbic2 the Shooter (level 6, 0/30 HPs)
             Began as a Vine Stalker Hunter on Aug 28, 2022.
             Engulfed by a cloud of poison gas (5 damage)
             ... on level 4 of the Dungeon.
             The game lasted 00:13:24 (2377 turns).

tizbic2 the Shooter (Vine Stalker Hunter)           Turns: 2377, Time: 00:13:25

Health: 0/30       AC:  7    Str: 14    XL:     6   Next: 62%
Magic:  0/7        EV: 12    Int:  9    God:
Gold:   209        SH:  0    Dex: 19    Spells: 5/5 levels left

rFire   . . .      SeeInvis .   w - +0 shortbow
rCold   . . .      Faith    .   (shield currently unavailable)
rNeg    . . .      Spirit   +   c - +0 leather armour
rPois   .          Reflect  .   f - +2 helmet
rElec   .          Harm     .   u - +0 cloak
rCorr   .          Rampage  .   (no gloves)
Will    .....                   (no boots)
Stlth   ++........              (no amulet)
HPRegen 0.90/turn               (no ring)
MPRegen 0.10/turn               (no ring)

@: lethally poisoned (0 -> -21)
A: fangs 2, regeneration 1, magic shield, antimagic bite, no potion heal 2
a: no special abilities


You were on level 4 of the Dungeon.
You visited 1 branch of the dungeon, and saw 4 of its levels.

You collected 209 gold pieces.

Inventory:

Hand Weapons
 a - the +9 mace of the Equator {vorpal, Int+4}
   (You found it on level 2 of the Dungeon)

   It inflicts extra damage upon your enemies.
   Int:       It affects your intelligence (+4).
 q - a +0 sling
 w - a +0 shortbow (weapon)
 x - a +0 long sword
 z - a +0 dagger
Armour
 c - a +0 leather armour (worn)
 f - a +2 helmet (worn)
 u - a +0 cloak (worn)
Wands
 t - a wand of charming (7)
 v - a wand of flame (8)
Scrolls
 b - a scroll of immolation
 h - a scroll of fear
 l - a scroll of enchant weapon {unknown}
 m - a scroll of magic mapping
 n - a scroll of noise {unknown}
 y - a scroll of butterflies {unknown}
 A - a scroll of summoning {unknown}
Potions
 d - 2 potions of lignification {unknown}
 e - 2 potions of might {unknown}
 g - a potion of brilliance {unknown}
 i - 2 potions of attraction {unknown}
 j - 2 potions of ambrosia {unknown}
 o - 4 potions of curing
 p - a potion of invisibility {unknown}
 s - 2 potions of flight {unknown}


   Skills:
 - Level 2.1 Fighting
 + Level 6.9 Ranged Weapons
 - Level 1.6 Dodging
 - Level 1.4 Stealth


You had 5 spell levels left.
You didn't know any spells.
Your spell library contained the following spells:

 Spells                   Type           Power      Damage    Failure   Level
 Gell's Gravitas          Tloc           0%         N/A       83%         3
 Lesser Beckoning         Tloc           0%         N/A       83%         3
 Teleport Other           Tloc           0%         N/A       83%         3


Dungeon Overview and Level Annotations

Branches:
Dungeon (4/15)
 Temple: D:4-7

Altars:

Shops:
D:1 [=


Innate Abilities, Weirdness & Mutations

You have extremely sharp teeth.
Your natural rate of healing is unusually fast.
When hurt, damage is shared between your health and your magic reserves.
Your bite disrupts and absorbs the magic of your enemies.
Potions cannot restore your health.


Message History

The magic dart hits you.
The orc throws a boomerang.
The boomerang barely misses you. The orc wizard completely misses you.
The orc hits you with a +0 hand axe.
The orc throws a boomerang.
The boomerang closely misses you.
You shoot an arrow. The arrow hits the orc wizard.
The orc wizard is moderately wounded.
You feel sick. The orc wizard barely misses you. The orc closely misses you.
You shoot an arrow. The arrow misses the orc wizard.
You feel sick. The orc closely misses you. x2
The orc wizard hits you but does no damage.
You are more poisoned.
You shoot an arrow.
The arrow closely misses the orc wizard.
You feel very sick. The orc wizard casts a spell at you.
The magic dart hits you! The orc hits you but does no damage. x2
You are too injured to fight recklessly!
Really read the scroll of poison?
The air fills with toxic fumes!
As you read the scroll of poison, it crumbles to dust.
You feel sick. The orc hits you but does no damage. x2
The orc wizard hits you but does no damage.
You are more poisoned.
Press: ? - help, v - describe, . - travel
Here: an orc, wielding a +0 hand axe and wearing a +0 leather armour The floor.
It was a potion of curing.
Your system rejects the healing.
You feel better.
The orc wizard hits you but does no damage.
You are poisoned.
The orc hits you with a +0 hand axe.
* * * LOW HITPOINT WARNING * * *
The orc hits you with a +0 club.
* * * LOW HITPOINT WARNING * * *
Blink to where?
Press: ? - help, Dir - move target, p - orc wizard Really blink into that cloud of poison gas?
As you read the scroll of blinking, it crumbles to dust.
You are engulfed in poison gas.
You are lethally poisoned!
You die...

#################### §§§§§
###§§§.........##.....
§§§§§#####§§§§§................
§§§§§§§§§§§§§§§................
§§§§§§§§§§§§§§§............####
§§§§§§§§§§§§§§§...............#
§§§§§§§§§§§§§§@...............#
§§§§§§§§§§§§§§§.#'########.....
§§§§§§o§§§§§§§§.#..............
§§§§§§oo§§§§§§§.'..............
+##§§§§§§§##§§§.#..............
§§§§§§§§§§##..§.#.##...........
§§§§§#§§§§§)....... ...........
§§§§§############... ..........
§§§§ +..............


You could see an orc.

Vanquished Creatures
  A phantom (D:4)
  A scorpion (D:4)
  2 hounds (D:4)
  A jelly (D:4)
  An iguana (D:4)
  4 adders
  2 worms (D:2)
  2 dart slugs
  An orc (D:4)
  3 endoplasms
  A giant cockroach (D:3)
  11 goblins
  3 hobgoblins
  4 jackals (D:3)
  8 kobolds
  A quokka (D:2)
  2 ball pythons
  4 bats
  A frilled lizard (D:3)
  5 rats
  2 bushes (D:2)
60 creatures vanquished.

Notes
Turn   | Place    | Note
-------+----------+-------------------------------------------
     0 | D:1      | tizbic2 the Vine Stalker Hunter began the quest for the
                  | Orb.
     0 | D:1      | Reached XP level 1. HP: 11/11 MP: 2/2
   253 | D:1      | Reached XP level 2. HP: 14/15 MP: 3/3
   342 | D:1      | Found Yfaif's Armour Boutique.
   361 | D:1      | Reached skill level 4 in Ranged Weapons
   703 | D:1      | Found Liohaenloh's Jewellery Boutique.
   762 | D:2      | Reached XP level 3. HP: 18/18 MP: 4/4
  1028 | D:2      | Identified the +9 mace of the Equator {vorpal, Int+4}
  1338 | D:2      | Gained mutation: Your natural rate of healing is unusually
                  | fast. [Vine Stalker growth]
  1338 | D:2      | Reached XP level 4. HP: 23/23 MP: 5/5
  1669 | D:3      | Reached skill level 5 in Ranged Weapons
  2083 | D:4      | Noticed a scorpion
  2088 | D:4      | Killed a scorpion
  2089 | D:4      | Reached XP level 5. HP: 26/26 MP: 6/6
  2138 | D:4      | Reached skill level 6 in Ranged Weapons
  2162 | D:4      | Reached XP level 6. HP: 30/30 MP: 7/7
  2377 | D:4      | Engulfed by a cloud of poison gas

Illustrated notes

Levels and vault maps discovered:
D:1:      ebering_trefoil_3fold, layout_basic, serial_shops, shop, shop,
          minmay_split_cup_large
D:2:      layout_rooms, serial_forest, infiniplex_forest_corner_1,
          infiniplex_forest_clump_diagonal, infiniplex_forest_lined_room_,
          infiniplex_forest_end_double, infiniplex_forest_straight_2,
          infiniplex_forest_fountain, infiniplex_forest_end_3,
          infiniplex_forest_clump_medium
D:3:      layout_loops_ring, kennysheep_another_room
D:4:      minmay_recursive_quarters, layout_basic

Skill      XL: |  1  2  3  4  5 |
---------------+----------------+-----
Fighting       | 2 |  2.1
Ranged Weapons | 4 5 6 |  6.9
Dodging        | |  1.6
Stealth        | |  1.4

Action                   |  1- 3 |  4- 6 || total
-------------------------+-------+-------++-------
Melee: Mace              |    62 |     1 ||    63
       Bite              |    30 |       ||    30
 Fire: Shortbow          |    43 |    92 ||   135
       Sling             |    22 |       ||    22
  Use: Scroll            |     1 |     5 ||     6
       Potion            |       |     1 ||     1
Armor: Leather armour    |     9 |    26 ||    35
Dodge: Dodged            |    13 |    37 ||    50
